AoeStats
← Leyeb

Arabia

510264681Analyzed
1v1 RM · 2d ago on Sep 30, 2026· 39m 59s· 2 players
Game mode
Random Map
Map size
Tiny (2 player)
Population
200
Speed
Normal
Resources
Standard
Victory
Conquest
Starting age
Dark Age
Ending age
Imperial Age
RankedLock teamsTeams togetherTeam positionsShared explorationLock speedFull tech treeHidden civsTurbo modeCheats
Victory
Defeat
🇨🇳 Lithuanians · China
1267
+17
🇺🇸 Franks · United States
1284
-17
Leyeb
7:06 Loom
8:52 Feudal Age
11:01 Double-Bit Axe
18:41 Castle Age
17:36 Forging
18:20 Gold Mining
18:21 Town Watch
18:50 Pikeman
19:49 Horse Collar
22:23 Wheelbarrow
24:01 Gold Mining
25:21 Stone Mining
26:27 Hand Cart
31:47 Imperial Age
30:33 Atonement
30:45 Squires
30:47 Scale Mail Armor
31:01 Bow Saw
31:34 Redemption
32:16 Sanctity
32:02 Heavy Plow
33:32 Two-Man Saw
33:01 Conscription
34:01 Chemistry
34:39 Block Printing
34:36 Fervor
34:48 Treadmill Crane
35:19 Masonry
39:01 Iron Casting
38:41 Chain Mail Armor
39:01 Iron Casting
38:41 Chain Mail Armor
38:58 Illumination
39:10 Theocracy
39:14 Architecture
39:00 Bloodlines
38:50 Husbandry
39:00 Bloodlines
38:50 Husbandry
38:59 Scale Barding Armor
39:10 Elite Leitis
Lonewolf666
7:10 Loom
9:14 Feudal Age
10:02 Double-Bit Axe
15:26 Wheelbarrow
18:29 Castle Age
17:50 Scale Barding Armor
17:55 Forging
20:16 Bow Saw
27:31 Scale Mail Armor
28:08 Iron Casting
28:24 Hand Cart
28:10 Pikeman
35:02 Imperial Age
35:41 Chain Mail Armor
35:48 Chain Barding Armor
36:30 Halberdier
36:43 Light Cavalry
38:00 Fletching
38:10 Padded Archer Armor
38:41 Plate Mail Armor
39:12 Blast Furnace
37:54 Elite Skirmisher
40:08 Ballistics
Connection lost

Rejoining the realm…

Still unreachable

The connection could not be restored.

Session expired

The server has moved on; the page needs a fresh start.